 Dungeon Crawl Stone Soup version 0.28-a0-695-gff097466f2 (webtiles) character file.

Game seed: 6309731251972542129

15 kae the Ruffian (level 2, -2/23 HPs)
             Began as a Draconian Transmuter on Oct 22, 2021.
             Succumbed to a kobold's poison
             ... on level 1 of the Dungeon.
             The game lasted 00:00:16 (415 turns).

kae the Ruffian (Draconian Transmuter)               Turns: 415, Time: 00:00:16

Health: -2/23      AC:  4    Str: 12    XL:     2   Next: 34%
Magic:  5/5        EV: 12    Int: 13    God:
Gold:   0          SH:  0    Dex: 11    Spells: 4/5 levels left

rFire   . . .      SeeInvis .     - Unarmed
rCold   . . .      Faith    .   (no shield)
rNeg    . . .      Spirit   .   (armour unavailable)
rPois   .          Reflect  .   (helmet restricted)
rElec   .          Harm     .   (no cloak)
rCorr   .          Rampage  .   (no gloves)
Will    .....                   (no boots)
Stlth   +.........              (no amulet)
HPRegen 0.07/turn               (no ring)
MPRegen 0.09/turn               (no ring)

@: lethally poisoned (-2 -> -15)
A: AC +4, unfitting armour, cold-blooded
a: no special abilities


You were on level 1 of the Dungeon.
You visited 1 branch of the dungeon, and saw 1 of its levels.

You aren't carrying anything.


   Skills:
 - Level 1.1 Fighting
 - Level 1.7 Dodging
 + Level 3.2 Unarmed Combat
 - Level 2.0 Spellcasting
 * Level 2.7 Transmutations


You had 4 spell levels left.
You knew the following spells:

 Your Spells              Type           Power      Damage    Failure   Level
a - Beastly Appendage     Tmut           16%        N/A       9%          1

Your spell library contained the following spells:

 Spells                   Type           Power      Damage    Failure   Level
 Wereblood                Tmut           8%         N/A       12%         2
 Spider Form              Tmut/Pois      2%         N/A       41%         3
 Ice Form                 Ice/Tmut       4%         N/A       82%         4


Dungeon Overview and Level Annotations

Branches:
Dungeon (1/15)

Altars:


Innate Abilities, Weirdness & Mutations

Your plain brown scales are hard. (AC +4)
You cannot fit into any form of body armour.
You are cold-blooded and may be slowed by cold attacks.


Message History

You see here a +0 ring mail.
Found a stone staircase leading down.
A hobgoblin comes into view.
A hobgoblin is nearby!
A hobgoblin is nearby!
Casting: Beastly Appendage (safe; 9% risk of failure)
Confirm with . or Enter, or press ? or * to list all spells.
You grow a pair of large bovine horns.
Your feet morph into talons.
The hobgoblin barely misses you.
You hit the hobgoblin but do no damage. Your kick misses the hobgoblin.
The hobgoblin closely misses you.
You hit the hobgoblin. You headbutt the hobgoblin.
You kill the hobgoblin!
Your transformation is almost over.
Magic restored.
You see here a hobgoblin corpse.
A kobold comes into view. It is wielding a +2 whip of venom.
A kobold is nearby!
A rat comes into view.
Your horns disappear.
Your talons disappear.
The kobold hits you with a +2 whip of venom.
You are poisoned.
The rat misses you.
You barely miss the kobold.
Your tail-slap misses the kobold.
You feel very sick.
The kobold hits you with a +2 whip of venom.
You are lethally poisoned!
The rat bites you but does no damage.
There is a lethal amount of poison in your body!
You feel very sick.
* * * LOW HITPOINT WARNING * * *
You feel very sick.
You aren't carrying any potions.
You aren't carrying any scrolls.
You barely miss the kobold.
* * * LOW HITPOINT WARNING * * *
You feel very sick. The kobold completely misses you.
You barely miss the kobold.
You die...

# #. # #. . ###
#. # ...#.. #
#.#..######### #
#............. .
.#####.##.# #
.......@Kr# #
########..# #
#..######## #
#....†....# #
##.######.## ###
#.#####...####..
#.......#.......
#######...####.#
##.#######


You could see a kobold and a rat.

Vanquished Creatures
  A dart slug (D:1)
  2 ball pythons (D:1)
  3 endoplasms (D:1)
  A goblin (D:1)
  A hobgoblin (D:1)
  A bat (D:1)
  A frilled lizard (D:1)
  2 rats (D:1)
12 creatures vanquished.

Notes
Turn   | Place    | Note
-------+----------+-------------------------------------------
     0 | D:1      | kae the Draconian Transmuter began the quest for the Orb.
     0 | D:1      | Reached XP level 1. HP: 16/16 MP: 3/3
   108 | D:1      | Reached XP level 2. HP: 23/23 MP: 3/5
   414 | D:1      | HP: 1/23 [poisoned by a kobold]
   415 | D:1      | Succumbed to a kobold's poison

Illustrated notes

Levels and vault maps discovered:
D:1:      minmay_arrival_checkered_box, layout_loops_ring, st_stairs_9

Action                   || total
-------------------------++-------
Melee: Unarmed           ||    23
       Tailslap          ||     3
       Headbutt          ||     2
       Punch             ||     1
       Kick              ||     3
 Cast: Beastly Appendage ||     6
Armor: Skin              ||     8
Dodge: Dodged            ||    15

Table legend: (Time is in decaauts)
 A = Elapsed time spent in this place.
 B = Non-inter-level travel time spent in this place.
 C = Inter-level travel time spent in this place.
 D = Time resting spent in this place.
 E = Time spent auto-exploring this place.
 F = Levels seen in this place.
 G = Mean time per level.
                   A        B        C        D        E       F      G
               +--------+--------+--------+--------+--------+-----+--------+
         Total |    417 |    417 |      0 |      0 |    343 |   1 |  417.0 |
       Dungeon |    417 |    417 |      0 |      0 |    343 |   1 |  417.0 |
               +--------+--------+--------+--------+--------+-----+--------+

Top non-repeatable levels by time:
     D:1: 417 daAuts
